 Dungeon Crawl Stone Soup version 0.29-a0-359-g541a27f54d (webtiles) character file.

Game seed: 10003133119139029617

216 Colgate the Sneak (level 6, -9/35 HPs)
             Began as a Kobold Brigand on Apr 27, 2022.
             Was a Believer of Dithmenos.
             Mangled by an ogre
             ... wielding a +0 giant club
              (21 damage)
             ... on level 3 of the Dungeon.
             The game lasted 00:04:12 (3206 turns).

Colgate the Sneak (Kobold Brigand)                  Turns: 3206, Time: 00:04:13

Health: -9/35      AC:  6    Str:  9    XL:     6   Next: 16%
Magic:  6/6        EV: 13    Int: 12    God:    Dithmenos [**....]
Gold:   135        SH:  5    Dex: 18    Spells: 5/5 levels left

rFire   . . .      SeeInvis .   a - +2 dagger
rCold   . . .      Faith    .   i - +0 buckler
rNeg    . . .      Spirit   .   p - +1 leather armour of Vampiric Thralls {Stlth+}
rPois   .          Reflect  .   (no helmet)
rElec   .          Harm     .   c - +0 cloak
rCorr   .          Rampage  .   (no gloves)
Will    .....                   h - +0 pair of boots
Stlth   +++++++...              (no amulet)
HPRegen 0.11/turn               (no ring)
MPRegen 0.10/turn               (no ring)

@: wreathed by umbra
A: small, no large weapons, nightstalker 3
a: Renounce Religion, Shadow Step


You were on level 3 of the Dungeon.
You worshipped Dithmenos.
Dithmenos was pleased with you.
You visited 1 branch of the dungeon, and saw 3 of its levels.

You collected 135 gold pieces.

Inventory:

Hand Weapons
 a - a +2 dagger (weapon)
Missiles
 d - 9 poisoned darts (quivered)
 e - 3 curare-tipped darts
 f - 2 silver boomerangs
Armour
 b - a +0 robe
 c - a +0 cloak (worn)
 h - a +0 pair of boots (worn)
 i - a +0 buckler (worn)
 p - the +1 leather armour of Vampiric Thralls (worn) {Stlth+}
   (You found it on level 3 of the Dungeon)

   Stlth:     It makes you more stealthy.
Scrolls
 g - a scroll of holy word {unknown}
 j - a scroll of identify {unknown}
 q - a scroll of teleportation {unknown}
 r - a scroll of summoning {unknown}
Potions
 k - a potion of curing {unknown}
 l - a potion of mutation {unknown}
 m - a potion of lignification {unknown}
 n - a potion of flight {unknown}
 o - 2 potions of resistance {unknown}
 s - 2 potions of degeneration {unknown}


   Skills:
 - Level 2.1 Fighting
 - Level 6.3 Short Blades
 - Level 2.1 Throwing
 - Level 1.2 Dodging
 + Level 7.4 Stealth


You had 5 spell levels left.
You didn't know any spells.
Your spell library contained the following spells:

 Spells                   Type           Power      Damage    Failure   Level
 Ensorcelled Hibernation  Hex/Ice        0%         N/A       73%         2
 Passwall                 Tmut/Erth      0%         N/A       73%         2
 Gell's Gravitas          Tloc           0%         N/A       91%         3
 Lesser Beckoning         Tloc           0%         N/A       91%         3
 Swiftness                Air            0%         N/A       91%         3
 Teleport Other           Tloc           0%         N/A       91%         3
 Passage of Golubria      Tloc           0%         N/A       100%        4
 Silence                  Hex/Air        0%         N/A       100%        5
 Lehudib's Crystal Spear  Conj/Erth      0%         10d2      100%        8


Dungeon Overview and Level Annotations

Branches:
Dungeon (3/15)

Altars:
Dithmenos

Shops:
D:1 (

Annotations:
D:3 1 transporter, Colgate's ghost, amateur KoBr


Innate Abilities, Weirdness & Mutations

You are small and have problems with some larger weapons.
You are completely attuned to the shadows.


Message History

The ogre closely misses you.
The ogre shouts!
You hit the ogre. You hit the ogre but do no damage.
You block the ogre's attack.
You hit the ogre. You hit the ogre. The ogre closely misses you.
You hit the ogre. The ogre closely misses you.
You hit the ogre. The ogre barely misses you.
You hit the ogre. You barely miss the ogre. The ogre barely misses you.
The ogre misses you.
You barely miss the ogre. You barely miss the ogre.
The ogre closely misses you.
You barely miss the ogre. The ogre barely misses you.
The ogre hits you with a +0 giant club!
You hit the ogre. The ogre closely misses you.
You hit the ogre. You block the ogre's attack. x2
You hit the ogre.
You kill the ogre!
Dithmenos accepts your kill.
Your Stealth skill increases to level 7!
You have reached level 6!
You block the ogre's attack.
You see here the +0 dire flail "Hism" {elec, rF+ Dex-4 SInv Stlth+}.
There are monsters nearby!
You hit the ogre but do no damage. The ogre closely misses you.
You block the ogre's attack.
You barely miss the ogre. You hit the ogre. The ogre barely misses you.
You hit the ogre. The ogre misses you.
You hit the ogre. The ogre hits you with a +0 giant club!
You hit the ogre. The ogre barely misses you.
You hit the ogre. The ogre completely misses you.
You hit the ogre. The ogre closely misses you.
You hit the ogre. The ogre closely misses you.
You hit the ogre. The ogre barely misses you.
You barely miss the ogre. The ogre closely misses you.
You hit the ogre.
The ogre hits you with a +0 giant club!!
Ouch! That really hurt!
You die...

......######....#...
#.# .....####
##....... #.#+#
.....#©.. #.......
#....
###..#.#..#.#.......
#.#+#
#..#..##..#.......
#.#
#..#.$##..#...##+#
#.#
###.©#.#..#.#...##
#.###
.....#$...OO#....#
#....
....©#W#..#@####.#
#.### .....#..##..#
#.# #.#
.....#..##..# #.#
#.# .....#.#..#.#
#.# #.#+#
.....#......# #.#
#.... #.#.#.###.#+#
#.#.....#.#
###.###.#.#.#
#.).......#.###


You could see 2 ogres.

Vanquished Creatures
  An ogre (D:3)
  An orc priest (D:3)
  An orc wizard (D:3)
  2 worms (D:2)
  2 dart slugs
  2 orcs (D:3)
  11 endoplasms
  3 giant cockroaches
  3 goblins
  5 hobgoblins
  4 jackals (D:2)
  8 kobolds
  6 ball pythons
  2 bats (D:1)
  3 frilled lizards
  5 rats
59 creatures vanquished.

Notes
Turn   | Place    | Note
-------+----------+-------------------------------------------
     0 | D:1      | Colgate the Kobold Brigand began the quest for the Orb.
     0 | D:1      | Reached XP level 1. HP: 12/12 MP: 1/1
   394 | D:1      | Reached XP level 2. HP: 17/17 MP: 2/2
   561 | D:1      | Found a faded altar of an unknown god.
   618 | D:1      | Found Wonkuquax's Weapon Emporium.
   647 | D:1      | Prayed at the altar of an unknown god.
   647 | D:1      | Became a worshipper of Dithmenos the Shadowed
   647 | D:1      | Reached * piety under Dithmenos
   850 | D:1      | Reached XP level 3. HP: 21/21 MP: 3/3
  1430 | D:2      | Reached skill level 5 in Short Blades
  1693 | D:2      | Reached XP level 4. HP: 26/26 MP: 4/4
  1698 | D:2      | Reached ** piety under Dithmenos
  2254 | D:3      | Identified the +1 leather armour of Vampiric Thralls
                  | {Stlth+}
  2767 | D:3      | Reached XP level 5. HP: 30/30 MP: 5/5
  2987 | D:3      | Reached skill level 6 in Stealth
  3167 | D:3      | Found a transporter.
  3173 | D:3      | Noticed Colgate's ghost (amateur KoBr)
  3174 | D:3      | Found a transporter.
  3179 | D:3      | Noticed an ogre
  3179 | D:3      | Identified the +0 dire flail "Hism" {elec, rF+ Dex-4 SInv
                  | Stlth+}
  3179 | D:3      | Noticed an ogre
  3179 | D:3      | Noticed an ogre
  3193 | D:3      | Killed an ogre
  3194 | D:3      | Reached skill level 7 in Stealth
  3194 | D:3      | Reached XP level 6. HP: 26/35 MP: 6/6
  3206 | D:3      | Mangled by an ogre

Illustrated notes

Levels and vault maps discovered:
D:1:      evilmike_arrival_fibonacci_small, layout_basic, serial_shops, shop,
          basic_ecumenical_altar
D:2:      layout_loops_cross, minmay_tree_intersection
D:3:      minmay_door_path, layout_basic, gammafunk_ghost_smash

Skill      XL: |  1  2  3  4  5 |
---------------+----------------+-----
Short Blades   | 3 4 5 6 |  6.3
Stealth        | 7 |  7.4
Fighting       | |  2.1
Throwing       | |  2.1
Dodging        | |  1.2

Action                   |  1- 3 |  4- 6 || total
-------------------------+-------+-------++-------
Melee: Dagger            |    81 |    79 ||   160
 Stab: Sleeping          |    21 |    10 ||    31
       Distracted        |       |     1 ||     1
Armor: Robe              |     5 |     2 ||     7
       Leather armour    |       |     2 ||     2
Dodge: Dodged            |    38 |    44 ||    82
Block: Buckler           |     3 |     9 ||    12

Table legend: (Time is in decaauts)
 A = Elapsed time spent in this place.
 B = Non-inter-level travel time spent in this place.
 C = Inter-level travel time spent in this place.
 D = Time resting spent in this place.
 E = Time spent auto-exploring this place.
 F = Levels seen in this place.
 G = Mean time per level.
                   A        B        C        D        E       F      G
               +--------+--------+--------+--------+--------+-----+--------+
         Total |   3172 |   3087 |     85 |      0 |   2679 |   3 | 1057.3 |
       Dungeon |   3172 |   3087 |     85 |      0 |   2679 |   3 | 1057.3 |
               +--------+--------+--------+--------+--------+-----+--------+

Top non-repeatable levels by time:
     D:1: 1348 daAuts
     D:3: 956 daAuts
     D:2: 867 daAuts
